[Event "17th Delhi GM Open 2019-B"]
[Site "Delhi"]
[Date "2019.01.09"]
[Round "2"]
[White "Koustav Chakraborty"]
[Black "Farhaan, M."]
[Result "1-0"]
[ECO "C14"]
[WhiteElo "1898"]
[BlackElo "1588"]
[Annotator "NA"]
[PlyCount "123"]
[EventDate "2019.01.09"]
[EventType "swiss"]
[EventCountry "IND"]
[SourceTitle "playchess.com"]
[Source "ChessBase"]
[SourceQuality "1"]
[TimeControl "3600+30"]

1. e4 e6 2. d4 d5 3. Nc3 Nf6 4. Bg5 Be7 {[%emt 0:00:00] LiveBook: 2754 Games} 5. e5 Nfd7 6. Bxe7 Qxe7 7. f4 a6 8. Nf3 c5 9. dxc5 Nc6 10. Bd3 Qxc5 11. Qd2 b5 12. O-O-O Nb6 13. f5 {[%emt 0:00:00] C14: French: Classical System: 4 Bg5 Be7 main line} (13. Kb1 Bb7 14. f5 O-O-O 15. Qg5 g6 16. fxe6 fxe6 17. Rhf1 Kb8 18. Qf6 Rhf8 19. Qh4 Nc4 20. Bxc4 Qxc4 21. Qxh7 {0-1 (29) Seres,L (2482)-Cao,S (2540) Hungary 2003}) 13... h6 14. g4 $146 ({Predecessor:} 14. Qf4 Nc4 15. fxe6 Bxe6 16. Bxc4 bxc4 17. Nd4 O-O 18. a3 Ne7 19. g4 Rab8 20. h4 Bd7 {0-1 (48) Roessler,U (2187)-Rehn,A (2046) Germany 2008}) 14... Nc4 15. Bxc4 bxc4 16. Nd4 Rb8 17. Nxc6 $11 Qxc6 18. Ne4 Qb6 19. Nd6+ Ke7 20. b3 Qc5 21. Kb2 a5 22. Qf4 c3+ 23. Ka1 Kf8 24. fxe6 Bxe6 25. Nxf7 Ke7 26. Nd6 Rb4 27. Nf5+ Kd7 28. Qe3 Qxe3 29. Nxe3 Kc6 30. Rd3 Re8 31. Rxc3+ Kb6 32. a3 Re4 33. Rd1 Rxe5 34. Rcd3 Kc5 35. c3 Rf8 36. b4+ axb4 37. axb4+ Kc6 38. Nc2 Bxg4 39. Nd4+ Kb6 40. Rg1 Bf5 41. Rf3 Ra8+ 42. Kb2 g6 43. Nxf5 gxf5 44. Rg6+ Kb5 45. Kb3 Ra6 46. Rg8 Rf6 47. Rf1 f4 48. Ra1 Ree6 49. Rb8+ Kc6 50. Ra6+ Kc7 51. Rxe6 Rxe6 52. Rf8 Re4 53. Rf6 h5 54. Rf5 Kd6 55. Rxh5 Re5 56. Rxe5 Kxe5 57. Kc2 Ke4 58. b5 Ke3 59. b6 f3 60. b7 f2 61. b8=Q f1=Q 62. Qe5+ 1-0

[Event "17th Delhi GM Open 2019-B"]
[Site "Delhi"]
[Date "2019.01.09"]
[Round "2"]
[White "Farzad, Khusraw"]
[Black "Batham Avinash"]
[Result "1-0"]
[ECO "A06"]
[WhiteElo "1877"]
[BlackElo "1587"]
[Annotator "NA"]
[PlyCount "75"]
[EventDate "2019.01.09"]
[EventType "swiss"]
[EventCountry "IND"]
[SourceTitle "playchess.com"]
[Source "ChessBase"]
[SourceQuality "1"]
[TimeControl "3600+30"]

1. b3 e6 2. Bb2 Nf6 3. e3 d5 4. Nf3 c5 5. Be2 Nc6 6. O-O Bd6 7. d3 O-O 8. Nbd2 Re8 9. c4 d4 10. exd4 cxd4 11. Nxd4 Nxd4 12. Bxd4 Bxh2+ 13. Kxh2 Qxd4 14. Nf3 Qd6+ 15. Kg1 b6 16. Qd2 Bb7 17. Qg5 Rad8 18. Rad1 e5 $11 19. d4 exd4 20. Nxd4 Qf8 21. Nf5 Ne4 22. Nh6+ Kh8 23. Qxd8 Nc3 24. Qxe8 Qxe8 25. Rd8 Nxe2+ 26. Kh2 Qxd8 27. Nxf7+ Kg8 28. Nxd8 Be4 29. Re1 Bd3 30. Nc6 Nf4 31. g3 Nh5 32. Re8+ Kf7 33. Ra8 Be4 34. Rxa7+ Kg6 35. Ra6 Nf6 36. Rxb6 h5 37. f3 Bb1 38. a4 1-0

[Event "17th Delhi GM Open 2019-B"]
[Site "Delhi"]
[Date "2019.01.09"]
[Round "2"]
[White "Heikrujam Jacky Singh"]
[Black "Bharadia Yash"]
[Result "1-0"]
[ECO "D02"]
[WhiteElo "1870"]
[BlackElo "1584"]
[Annotator "NA"]
[PlyCount "109"]
[EventDate "2019.01.09"]
[EventType "swiss"]
[EventCountry "IND"]
[SourceTitle "playchess.com"]
[Source "ChessBase"]
[SourceQuality "1"]
[TimeControl "3600+30"]

1. d4 Nf6 2. Nf3 e6 3. Bf4 d5 4. e3 c5 5. c3 Nc6 6. Bd3 Bd6 7. Bg5 {[%emt 0:00:00] D02: 1 d4 d5 2 Nf3 sidelines, including 2...Nf6 3 g3 and 2...Nf6 3 Bf4} (7. O-O O-O 8. dxc5 Bxc5 9. Nbd2 h6 10. b4 Bd6 11. b5 Na5 12. Qa4 b6 13. Rfd1 Bb7 14. Nb3 Nxb3 15. axb3 {0-1 (58) Perelshteyn,E (2515)-Berczes,D (2492) Dallas 2015}) 7... O-O 8. Nbd2 e5 9. dxe5 Nxe5 10. Nxe5 Bxe5 11. Qc2 h6 12. Bh4 Re8 13. Nf3 $146 ({Predecessor:} 13. O-O-O Qa5 14. f4 Bd6 15. Bxf6 gxf6 {1-0 (45) Aguas,J (1914)-Torres Martinez,F (1583) Ocana 2017}) 13... Qc7 14. Nxe5 Qxe5 15. Bg3 Qe7 16. O-O Ne4 17. Bf4 g5 18. Bg3 h5 19. Bxe4 Qxe4 20. Qxe4 dxe4 21. h4 g4 22. Bd6 b6 23. b4 cxb4 24. cxb4 Ba6 25. Rfd1 Bd3 26. Rdc1 Rac8 27. a4 f5 28. a5 b5 29. Kh2 a6 30. Kg3 Kf7 31. Kf4 Kf6 $11 32. Be5+ Kg6 33. Bd4 Bc4 34. Rc3 Red8 35. Rac1 Rd5 36. R3c2 Rcd8 37. Rxc4 bxc4 38. Rxc4 R5d6 39. Rc7 R8d7 40. Rxd7 Rxd7 41. Ke5 Rc7 42. Bc5 Rd7 43. b5 axb5 44. a6 Rd8 45. a7 Ra8 46. Kd4 Rc8 47. Kd5 Kf7 48. Bd6 Ra8 49. Bb8 Kf6 50. Kc5 f4 51. g3 fxg3 52. fxg3 Ke6 53. Kxb5 Kd7 54. Kc5 Kc8 55. Kd5 1-0

[Event "17th Delhi GM Open 2019-B"]
[Site "Delhi"]
[Date "2019.01.09"]
[Round "2"]
[White "Dhanush Ragav N S"]
[Black "Viswak Sen M"]
[Result "1-0"]
[ECO "D63"]
[WhiteElo "1854"]
[BlackElo "1584"]
[Annotator "NA"]
[PlyCount "65"]
[EventDate "2019.01.09"]
[EventType "swiss"]
[EventCountry "IND"]
[SourceTitle "playchess.com"]
[Source "ChessBase"]
[SourceQuality "1"]
[TimeControl "3600+30"]

1. d4 d5 2. c4 e6 3. Nc3 Nf6 4. Bg5 Be7 5. e3 h6 6. Bh4 O-O 7. Nf3 Nbd7 8. Rc1 c5 {[%emt 0:00:00] D63: Queen's Gambit Declined: Classical: 7 Rc1} 9. cxd5 (9. dxc5 Nxc5 10. cxd5 g5 11. Bg3 Nxd5 12. Nxd5 Qxd5 13. Qxd5 exd5 14. Nd4 Bd7 15. Be2 Rac8 16. O-O {½-½ (31) Ivanchuk,V (2710)-Yu,Y (2765) Batumi 2018}) 9... Nxd5 10. Bxe7 Nxe7 11. Bd3 cxd4 12. exd4 Nf6 13. O-O b6 14. Qe2 Bb7 15. Rfd1 Ned5 16. Bb1 Nf4 17. Qe3 g5 $146 ({Predecessor:} 17... N4d5 18. Nxd5 Qxd5 {0-1 (40) Madebrink,L (2172)-Sevastianov,A (2143) Sweden 2018}) 18. d5 exd5 19. Nd4 Re8 20. Qf3 $11 Qb8 21. g3 Nh3+ 22. Kg2 Qe5 23. Bf5 g4 24. Bxg4 Ng5 25. Qf5 Qd6 26. Ncb5 Qd8 27. Nc6 Bc8 28. Qf4 Bxg4 29. Nxd8 Bf3+ 30. Kf1 Be2+ 31. Kg2 Bf3+ 32. Qxf3 Nxf3 33. Nc6 1-0

[Event "17th Delhi GM Open 2019-B"]
[Site "Delhi"]
[Date "2019.01.09"]
[Round "2"]
[White "Deshpande Abhishek"]
[Black "Sujay Kumar, Dam"]
[Result "1-0"]
[ECO "B86"]
[WhiteElo "1845"]
[BlackElo "1583"]
[Annotator "NA"]
[PlyCount "99"]
[EventDate "2019.01.09"]
[EventType "swiss"]
[EventCountry "IND"]
[SourceTitle "playchess.com"]
[Source "ChessBase"]
[SourceQuality "1"]
[TimeControl "3600+30"]

1. e4 c5 2. Nf3 d6 3. d4 cxd4 4. Nxd4 Nf6 5. Nc3 a6 6. Bc4 e6 7. Bb3 Be7 {[%emt 0:00:00] LiveBook: 426 Games} 8. Be3 Qc7 9. f3 Nc6 10. Qd2 Ne5 11. O-O-O b5 12. Ndxb5 axb5 $11 13. Nxb5 Qb8 14. Nxd6+ Bxd6 15. Qxd6 Qxd6 16. Rxd6 O-O 17. Rhd1 Ba6 18. Bd4 Ng6 19. Rd2 Rfc8 20. Kb1 Ne8 21. Rd7 Bb5 22. Ra7 Rxa7 23. Bxa7 Ne5 24. a4 Bc4 25. Bxc4 Nxc4 26. Rd1 Nf6 27. b4 Kf8 28. b5 Ke8 29. Ka2 Nd7 30. Kb3 Na5+ 31. Kb4 Nc4 32. Rc1 Nb2 33. Kb3 Nxa4 34. Kxa4 Ra8 35. b6 Nxb6+ 36. Kb5 Nd7 37. Ka6 Rc8 38. c4 Nc5+ 39. Bxc5 Rxc5 40. Kb6 Rc8 41. c5 Rb8+ 42. Kc7 Rb2 43. Rg1 Rc2 44. c6 Ke7 45. Kb7 Rb2+ 46. Kc8 Rc2 47. c7 Ke8 48. Rb1 Ke7 49. Kb7 Kd7 50. Rd1+ 1-0

[Event "17th Delhi GM Open 2019-B"]
[Site "Delhi"]
[Date "2019.01.09"]
[Round "2"]
[White "Jagdish, Narang"]
[Black "Smeeru, Thakur"]
[Result "0-1"]
[ECO "B70"]
[WhiteElo "1588"]
[BlackElo "1894"]
[Annotator "NA"]
[PlyCount "62"]
[EventDate "2019.01.09"]
[EventType "swiss"]
[EventCountry "IND"]
[SourceTitle "playchess.com"]
[Source "ChessBase"]
[SourceQuality "1"]
[TimeControl "3600+30"]

1. e4 c5 2. Nf3 d6 3. d4 cxd4 4. Nxd4 Nf6 5. Nc3 g6 6. Bg5 {[%emt 0:00:00] LiveBook: 134 Games} Bg7 7. Qd2 Nc6 8. Nxc6 bxc6 9. f3 Rb8 10. Rb1 Qa5 11. Bc4 Nd7 12. Nd1 Qc5 13. Bd3 Ne5 14. Be3 $11 Nxd3+ 15. cxd3 Bd4 16. Ke2 O-O 17. b4 Qe5 18. h3 a5 19. a3 axb4 20. axb4 Ba6 21. h4 c5 22. h5 Rfc8 23. hxg6 hxg6 24. Nf2 cxb4 25. Ng4 Bxe3 26. Qxe3 Rc2+ 27. Kf1 Qc5 28. Qxc5 Bxd3+ 29. Kg1 Rxc5 30. Ra1 b3 31. Kf2 b2 0-1

[Event "17th Delhi GM Open 2019-B"]
[Site "Delhi"]
[Date "2019.01.09"]
[Round "2"]
[White "Gabbar"]
[Black "Chittari Abhishek Varma"]
[Result "1-0"]
[ECO "B42"]
[WhiteElo "1583"]
[BlackElo "1855"]
[Annotator "NA"]
[PlyCount "68"]
[EventDate "2019.01.09"]
[EventType "swiss"]
[EventCountry "IND"]
[SourceTitle "playchess.com"]
[Source "ChessBase"]
[SourceQuality "1"]
[TimeControl "3600+30"]

1. d4 Nf6 2. c4 e6 3. Nc3 c5 4. Nf3 cxd4 5. Nxd4 Be7 6. e4 d6 7. Bd3 a6 8. Be3 Nbd7 9. O-O Qc7 10. Rc1 b6 {[%emt 0:00:00] B42: Sicilian: Kan Variation: 5 Bd3} 11. b3 Bb7 12. f3 O-O 13. Qe2 Rfe8 (13... Rac8 14. Qf2 Qb8 15. Be2 Rfe8 16. Na4 Bd8 17. Rfd1 Bc7 18. g3 {1-0 (49) Kovanova,B (2371)-Gritsayeva,O (2373) Sochi 2017}) 14. Qf2 Ne5 15. Bb1 Nfd7 $146 ({Predecessor:} 15... Rac8 16. h3 Ned7 17. Qe1 Qb8 18. Bf2 {0-1 (49) James,S (1988)-Sarakauskiene,Z (2152) England 2015}) 16. h3 Nc5 17. Rfd1 Ng6 18. Nde2 Rab8 19. Nf4 Nxf4 20. Bxf4 Nd7 21. Be3 Red8 22. Rd2 Ba8 23. Rdd1 Qb7 24. a4 $11 Nf6 25. Qc2 Rbc8 26. Qe2 Qb8 27. Qf2 Nd7 28. Ba2 Bc6 29. b4 b5 30. cxb5 axb5 31. a5 Nf6 32. Bb6 Rd7 33. Qe2 Bd8 34. Bf2 Be7 1-0

[Event "17th Delhi GM Open 2019-B"]
[Site "Delhi"]
[Date "2019.01.09"]
[Round "2"]
[White "Wankhade Sanskruti"]
[Black "Aadit Bhatia"]
[Result "1/2-1/2"]
[ECO "D07"]
[WhiteElo "1582"]
[BlackElo "1846"]
[Annotator "NA"]
[PlyCount "61"]
[EventDate "2019.01.09"]
[EventType "swiss"]
[EventCountry "IND"]
[SourceTitle "playchess.com"]
[Source "ChessBase"]
[SourceQuality "1"]
[TimeControl "3600+30"]

1. d4 d5 2. c4 Nc6 3. Nc3 Nf6 4. e3 dxc4 5. Bxc4 e5 6. d5 Nb8 7. Nf3 Bd6 8. O-O O-O (8... e4 $5 9. Ng5 Bf5 $11) 9. h3 (9. e4 $14) 9... Nbd7 (9... e4 $11 10. Nd4 Nbd7) 10. b3 a6 11. a4 Qe7 (11... e4 $15 12. Nd4 Nb6) 12. Nd2 {[%emt 0:00:00] [#]} e4 $17 13. Qc2 Re8 14. Rb1 Nf8 15. Ne2 Ng6 16. Bb2 Nh5 17. Bd4 Bd7 18. Nc3 Bxh3 19. Ncxe4 f5 20. Ng3 Nxg3 21. fxg3 Bg4 22. Nf3 Kh8 23. Qf2 c5 24. dxc6 bxc6 25. Rbe1 h6 26. Nh2 Qg5 27. Nxg4 Qxg4 28. Qxf5 Qxg3 29. Bxg7+ Kh7 30. Qh5 Qg5 31. Qxg5 1/2-1/2